 Seeded DCSS version 0.28-a0-1506-g3893175d92 (webtiles) character file.

Game seed: 759471176321562610 (custom seed)

18 riojii the Magician (level 2, 21/21 HPs)
             Began as a Djinni Fire Elementalist on Jan 13, 2022.
             Quit the game on level 1 of the Dungeon.
             The game lasted 00:01:21 (1329 turns).

riojii the Magician (Djinni Fire Elementalist)      Turns: 1329, Time: 00:01:21

Health: 21/21      AC:  2    Str:  7    XL:     2   Next: 90%
Gold:   30         EV: 12    Int: 16    God:
                   SH:  0    Dex: 13

rFire   + + .      SeeInvis .   (no weapon)
rCold   x . .      Faith    .   (no shield)
rNeg    . . .      Spirit   .   a - +0 robe
rPois   ∞          Reflect  .   (helmet restricted)
rElec   .          Harm     .   (no cloak)
rCorr   .          Rampage  .   (no gloves)
Will    .....                   (boots unavailable)
Stlth   ++........              (no amulet)
HPRegen 0.07/turn               (no ring)
MPRegen 0.00/turn               (no ring)

@: flying
A: sickness immunity, fire resistance 2, cold vulnerability 1, float, innate
caster, hp casting, extra vitality 1, antennae 1, wild magic 2, inability to
read while threatened
a: no special abilities


You were on level 1 of the Dungeon.
You visited 1 branch of the dungeon, and saw 1 of its levels.

You collected 30 gold pieces.

Inventory:

Armour
 a - a +0 robe (worn)
Jewellery
 g - a ring of resist corrosion
Scrolls
 c - 2 scrolls of teleportation {unknown}
 d - a scroll of fear {unknown}
 f - 3 scrolls of identify {unknown}
Potions
 e - a potion of curing {unknown}
 h - a potion of brilliance {unknown}


   Skills:
 - Level 2.1 Dodging
 - Level 1.5 Stealth
 + Level 3.1 Spellcasting


You couldn't memorise any spells.
You knew the following spells:

 Your Spells              Type           Power      Damage    Failure   Level
a - Foxfire               Conj/Fire      80%        2x1d8     12%         1
b - Scorch                Fire           40%        2d7       17%         2
c - Conjure Flame         Conj/Fire      20%        6-21      30%         3
d - Inner Flame           Hex/Fire       20%        N/A       30%         3
e - Flame Wave            Conj/Fire      20%        2d6       63%         4
Your spell library was empty.

Dungeon Overview and Level Annotations

Branches:
Dungeon (1/15)

Altars:


Innate Abilities, Weirdness & Mutations

You are immune to sickness and miasma.
You are immune to poison.
Your flesh is very heat resistant. (rF++)
You are vulnerable to cold. (rC-)
You float through the air rather than walking.
You learn spells naturally, not from books.
Your magical power is your life essence.
You have superior vitality. (+4 MHP)
You have a pair of small antennae on your head.
Your spells are harder to cast, but more powerful.
You sometimes lose the ability to read scrolls when taking damage.


Message History

The foxfire hits the kobold.
You kill the kobold!
Your foxfire dissipates!
Things that are here:
a +0 dagger; a kobold corpse You reach down and open the door.
There is an open door here.
An endoplasm comes into view.
The endoplasm quivers.
You conjure some foxfire!
The foxfire hits the endoplasm.
The endoplasm is moderately wounded.
You conjure some foxfire!
The foxfire hits the endoplasm.
You kill the endoplasm!
Your foxfire dissipates!
You reach down and open the door.
There is an open door here.
You reach down and open the door.
There is an open door here.
f - 3 scrolls labelled GUXOZ VUOV MAL (gained 2)
You reach down and open the door.
There is an open door here.
There is a stone staircase leading down here.
You now have 30 gold pieces (gained 1).
b - 3 fizzy blue potions (gained 2)
You see here 22 sling bullets.
You see here 22 sling bullets.
Done exploring.
Done exploring.
It was a potion of mutation.
You feel extremely strange.
You feel less in control of your magic.
You feel extremely strange.
You regain control of your magic.
You feel more resistant to heat.
You lose the ability to read scrolls when threatened.
You feel less in control of your magic.
You feel extremely strange.
You feel less heat resistant.
You regain control of your magic.
A pair of antennae grows on your head!
You feel less in control of your magic. x2
Are you sure you want to abandon this character and quit the game? (Confirm with "yes".)

...........#######.....# #
#######.#............#.##########
#.#..#######............... #####
#.#..# ### #...#.##########
#...###.#..# #.# #...#.######.#
........#..###.###..........#.#
.............#.#............#.###
........#..#.#.......#...........
.######.#..#.#.#@##...........###
........#..#.#...............†..#
#######.#..#.#........#######)#.#
........#..#.#........# #.#.#
#######.#..#.#.#+###+## #.#.#
#######............#.########.#.#
.....##....#.#.###............#.#
..<..##.......................#.#
.....##..................>.####.#


There were no monsters in sight!

Vanquished Creatures
  5 endoplasms (D:1)
  A giant cockroach (D:1)
  2 goblins (D:1)
  2 hobgoblins (D:1)
  2 kobolds (D:1)
  A quokka (D:1)
  A bat (D:1)
  A rat (D:1)
15 creatures vanquished.

Vanquished Creatures (others)
  44 foxfires (D:1)
44 creatures vanquished.

Grand Total: 59 creatures vanquished

Notes
Turn   | Place    | Note
-------+----------+-------------------------------------------
     0 | D:1      | riojii the Djinni Fire Elementalist began the quest for the
                  | Orb.
     0 | D:1      | Reached XP level 1. HP: 15/15 MP: 0/0
   486 | D:1      | Reached XP level 2. HP: 15/21 MP: 0/0
   759 | D:1      | Reached skill level 3 in Spellcasting
  1326 | D:1      | Gained mutation: Your spells are a little harder to cast,
                  | but a little more powerful. [potion of mutation]
  1327 | D:1      | Lost mutation: Your spells are a little harder to cast, but
                  | a little more powerful. [potion of mutation]
  1327 | D:1      | Gained mutation: Your flesh is almost immune to the effects
                  | of heat. (rF+++) [potion of mutation]
  1327 | D:1      | Gained mutation: You sometimes lose the ability to read
                  | scrolls when taking damage. [potion of mutation]
  1327 | D:1      | Gained mutation: Your spells are a little harder to cast,
                  | but a little more powerful. [potion of mutation]
  1328 | D:1      | Lost mutation: Your flesh is almost immune to the effects
                  | of heat. (rF+++) [potion of mutation]
  1328 | D:1      | Lost mutation: Your spells are a little harder to cast, but
                  | a little more powerful. [potion of mutation]
  1328 | D:1      | Gained mutation: You have a pair of small antennae on your
                  | head. [potion of mutation]
  1328 | D:1      | Gained mutation: Your spells are a little harder to cast,
                  | but a little more powerful. [potion of mutation]
  1328 | D:1      | Gained mutation: Your spells are harder to cast, but more
                  | powerful. [potion of mutation]
  1329 | D:1      | Quit the game

Illustrated notes

Levels and vault maps discovered:
D:1:      dpeg_arrival_rooms_c, layout_basic

Skill      XL: |  1  2 |
---------------+-------+-----
Spellcasting   | 3 |  3.1
Dodging        | |  2.1
Stealth        | |  1.5

Action                   || total
-------------------------++-------
Melee: Unarmed           ||     1
 Cast: Foxfire           ||    32
  Use: Potion            ||     3
Dodge: Dodged            ||     5

Table legend: (Time is in decaauts)
 A = Elapsed time spent in this place.
 B = Non-inter-level travel time spent in this place.
 C = Inter-level travel time spent in this place.
 D = Time resting spent in this place.
 E = Time spent auto-exploring this place.
 F = Levels seen in this place.
 G = Mean time per level.
                   A        B        C        D        E       F      G
               +--------+--------+--------+--------+--------+-----+--------+
         Total |   1329 |   1329 |      0 |      0 |   1215 |   1 | 1329.0 |
       Dungeon |   1329 |   1329 |      0 |      0 |   1215 |   1 | 1329.0 |
               +--------+--------+--------+--------+--------+-----+--------+

Top non-repeatable levels by time:
     D:1: 1329 daAuts
